 Dungeon Crawl Stone Soup version 0.30-a0-122-g2a1322497e (webtiles) character file.

Game seed: 5880947121077466003

306 Dreamer the Insei (level 6, 0/38 HPs)
             Began as an Octopode Transmuter on Sept 15, 2022.
             Was a Follower of Cheibriados.
             Slain by an orc
             ... wielding a +0 hand axe
              (6 damage)
             ... on level 3 of the Dungeon.
             The game lasted 00:10:48 (5649 turns).

Dreamer the Insei (Octopode Transmuter)             Turns: 5649, Time: 00:10:49

Health: 0/38       AC:  1    Str: 13    XL:     6   Next: 39%
Magic:  9/9        EV: 13    Int: 20    God:    Cheibriados [*.....]
Gold:   600        SH:  0    Dex: 15    Spells: 1/9 levels left

rFire   . . .      SeeInvis .      - Unarmed
rCold   . . .      Faith    .    (no shield)
rNeg    + . .      Spirit   .    (helmet restricted)
rPois   .          Reflect  .    (no amulet)
rElec   .          Harm     .    d - ring of positive energy
rCorr   .          Rampage  .    (no ring)
Will    .....                    (no ring)
Stlth   +++.......               (no ring)
HPRegen 0.12/turn                (no ring)
MPRegen 0.11/turn                (no ring)
                                 (no ring)
                                 (no ring)

@: very slow
A: almost no armour, amphibious, 8 rings, camouflage 1, gelatinous body 1,
(nimble swimmer 1), tentacles
a: Renounce Religion, Bend Time


You were on level 3 of the Dungeon.
You worshipped Cheibriados.
Cheibriados was aware of your devotion.
You visited 1 branch of the dungeon, and saw 4 of its levels.

You collected 600 gold pieces.

Inventory:

Missiles
 l - a throwing net
Jewellery
 d - a ring of positive energy (left tentacle)
Scrolls
 c - 2 scrolls of torment {unknown}
 e - 2 scrolls of enchant armour {unknown}
 h - 3 scrolls of identify {unknown}
 k - a scroll of poison {unknown}
 n - a scroll of butterflies {unknown}
 q - a scroll of teleportation {unknown}
Potions
 a - 2 potions of lignification
 b - a potion of magic {unknown}
 f - 3 potions of curing {unknown}
 g - a potion of heal wounds {unknown}
 i - a potion of might {unknown}
 j - a potion of brilliance {unknown}
 m - 2 potions of degeneration {unknown}
 o - 2 potions of mutation {unknown}
 p - a potion of flight {unknown}


   Skills:
 - Level 1.0 Fighting
 - Level 2.0 Dodging
 + Level 3.5 Stealth
 - Level 5.0 Unarmed Combat
 - Level 2.0 Spellcasting
 * Level 3.2 Transmutations
 * Level 2.8 Invocations


You had one spell level left.
You knew the following spells:

 Your Spells              Type           Power      Damage    Failure   Level
a - Beastly Appendage     Tmut           30%        N/A       4%          1
b - Spider Form           Tmut/Pois      8%         N/A       24%         3
c - Ice Form              Ice/Tmut       8%         N/A       63%         4

Your spell library contained the following spells:

 Spells                   Type           Power      Damage    Failure   Level
 Wereblood                Tmut           15%        N/A       6%          2
 Tukima's Dance           Hex            2%         N/A       43%         3
 Passage of Golubria      Tloc           2%         N/A       83%         4
 Yara's Violent Unravell  Hex/Tmut       4%         3d4       92%         5


Dungeon Overview and Level Annotations

Branches:
Dungeon (4/15)
 Temple: D:4-7

Altars:
Cheibriados

Annotations:
D:4 exclusion: phantom


Innate Abilities, Weirdness & Mutations

You cannot wear most types of armour.
You are amphibious.
You can wear up to eight rings at the same time.
Your skin changes colour to match your surroundings (Stealth+).
Your rubbery body absorbs attacks. (AC +1, EV +1)
((You are camouflaged when in or above water. (Stealth+)))
You have tentacles for arms and can constrict up to eight enemies at once.


Message History

There is a stone staircase leading up here.
You climb upwards.
Level annotation: exclusion: orc priest
There is a stone staircase leading down here.
Really wriggle into a travel-excluded area? [Y]es or [N]o only, please.
Really wriggle into a travel-excluded area?
Press: ? - help, v - describe, . - travel
Here: an orc priest, wielding a +0 short sword and wearing a +0 leather armour (asleep)
The floor.
Reduced exclusion size to a single square.
Removed exclusion.
The orc hits you with a +0 short sword. x2 2 orcs come into view.
An orc is wielding a +0 dagger of venom.
The orc misses you.
The orc shouts!
The orc priest shouts!
The orc hits you but does no damage. The orc priest misses you.
You closely miss the orc priest.
The orc shouts!
You grab the orc priest. You constrict the orc priest. The orc misses you.
The orc priest hits you with a +0 short sword.
You tentacle-slap the orc priest but do no damage.
The orc priest is lightly wounded.
You constrict the orc priest. The orc hits you with a +0 short sword.
The orc priest hits you with a +0 short sword.
You tentacle-slap the orc priest but do no damage.
The orc priest is moderately wounded.
You constrict the orc priest. The orc closely misses you.
The orc priest barely misses you.
You tentacle-slap the orc priest.
The orc priest is severely wounded.
You constrict the orc priest. The orc hits you with a +0 short sword.
The orc priest mumbles some strange prayers to Beogh against you.
Beogh smites you!
* * * LOW HITPOINT WARNING * * *
You tentacle-slap the orc priest but do no damage.
The orc priest is almost dead.
You constrict the orc priest. The orc hits you with a +0 hand axe.
You die...

...# #.##.# #.#
##.###... ##.#
#.##.###.# #.# #.#. ##.#
#.##...#.# #.# #... ##.#
#.####.#.# ##'###.#. #.#
#.####.#.# ##...#..#.
#.# #........#
##......### ##.##
######..## ##.......##
#...#
######oo.####.........##
###.#
......o@..?.+.........+.
..#.#
######o..####.........##
#.#.# ##...# ##.......##
#...# ##..##.# ##.....##
##### ##.#..##. ##...##
#...# #.......## ##'##
#.#.# #.##...# #.# ..#.#
#.###..# #.# ###.# #.#
#..### ##.##


You could see an orc priest and 3 orcs.

Vanquished Creatures
  An ogre (D:4)
  A hound (D:4)
  6 adders
  3 gnolls (D:4)
  2 ufetubi (D:4)
  A dart slug (D:1)
  4 orcs
  6 bats
  5 endoplasms
  6 giant cockroaches
  9 hobgoblins
  4 jackals (D:1)
  5 quokkas
  12 ball pythons
  2 frilled lizards
  9 goblins
  15 kobolds
  5 rats
96 creatures vanquished.

Vanquished Creatures (others)
  4 plants (D:2)
4 creatures vanquished.

Grand Total: 100 creatures vanquished

Notes
Turn   | Place    | Note
-------+----------+-------------------------------------------
     0 | D:1      | Dreamer the Octopode Transmuter began the quest for the
                  | Orb.
     0 | D:1      | Reached XP level 1. HP: 13/13 MP: 3/3
   177 | D:1      | Reached XP level 2. HP: 13/18 MP: 5/5
   558 | D:1      | Found a faded altar of an unknown god.
   566 | D:1      | Reached skill level 4 in Unarmed Combat
   629 | D:1      | Reached XP level 3. HP: 16/23 MP: 6/6
  1045 | D:2      | Reached skill level 1 in Stealth
  1207 | D:2      | Reached XP level 4. HP: 25/28 MP: 7/7
  2010 | D:3      | Found a snail-covered altar of Cheibriados.
  2017 | D:3      | Became a worshipper of Cheibriados the Contemplative
  2045 | D:3      | Reached skill level 5 in Unarmed Combat
  2416 | D:3      | Identified the +2 pair of boots "Zelamew" {Rampage +Blink
                  | Regen+ Stlth+}
  3142 | D:4      | Noticed a phantom
  3268 | D:4      | Reached XP level 5. HP: 33/33 MP: 8/8
  3288 | D:4      | Reached skill level 1 in Invocations
  3680 | D:4      | Noticed an ogre
  3696 | D:3      | Reached * piety under Cheibriados
  3702 | D:3      | Learned a level 3 spell: Spider Form
  3707 | D:3      | Learned a level 4 spell: Ice Form
  4082 | D:4      | Killed an ogre
  4083 | D:4      | Reached XP level 6. HP: 11/38 MP: 9/9
  5649 | D:3      | Slain by an orc

Illustrated notes

Levels and vault maps discovered:
D:1:      tarquinn_simple_flora_water_a, layout_rooms,
          hellmonk_ecumenical_altar_run_dry
D:2:      layout_rooms, amethyst_killhole, serial_bayou_pond_a,
          minmay_worlds_worst_comb
D:3:      layout_loops_corners, mainiacjoe_overflow_alcove_1,
          minmay_misc_feat_roman, minmay_misc_feat_ornament,
          palyth_stone_intersect
D:4:      minmay_polygon_palace, layout_layer_cave

Skill      XL: |  1  2  3  4  5 |
---------------+----------------+-----
Unarmed Combat | 4 5 |  5.0
Stealth        | 1 2 3 |  3.5
Invocations    | 2 |  2.8
Transmutations | 3 |  3.2
Fighting       | |  1.0
Dodging        | |  2.0
Spellcasting   | |  2.0

Action                   |  1- 3 |  4- 6 || total
-------------------------+-------+-------++-------
Melee: Unarmed           |    84 |   136 ||   220
       Constrict         |    21 |    33 ||    54
       Tentacles         |    11 |    18 ||    29
       Punch             |     5 |     5 ||    10
 Stab: Sleeping          |     5 |     8 ||    13
       Distracted        |       |     1 ||     1
Armor: Skin              |    10 |    13 ||    23
Dodge: Dodged            |    56 |   111 ||   167

Table legend: (Time is in decaauts)
 A = Elapsed time spent in this place.
 B = Non-inter-level travel time spent in this place.
 C = Inter-level travel time spent in this place.
 D = Time resting spent in this place.
 E = Time spent auto-exploring this place.
 F = Levels seen in this place.
 G = Mean time per level.
                   A        B        C        D        E       F      G
               +--------+--------+--------+--------+--------+-----+--------+
         Total |   6352 |   6099 |    253 |   1318 |   3875 |   4 | 1588.0 |
       Dungeon |   6352 |   6099 |    253 |   1318 |   3875 |   4 | 1588.0 |
               +--------+--------+--------+--------+--------+-----+--------+

Top non-repeatable levels by time:
     D:4: 2902 daAuts
     D:3: 1750 daAuts
     D:1: 934 daAuts
     D:2: 765 daAuts
